 Dungeon Crawl Stone Soup version 0.27-a0-1181-g5f64966fcc (webtiles) character file.

Game seed: 11615884458579129690

51 rjrrt the Poker (level 3, 0/43 HPs)
             Began as a Demonspawn Berserker on May 17, 2021.
             Was a Believer of Trog.
             Slain by a gnoll
             ... wielding a +0 halberd
              (4 damage)
             ... on level 2 of the Dungeon.
             The game lasted 00:01:49 (978 turns).

rjrrt the Poker (Demonspawn Berserker)               Turns: 978, Time: 00:01:50

Health: 0/43       AC:  6    Str: 18    XL:     3   Next: 58%
Magic:  3/3        EV: 10    Int:  8    God:    Trog [**....]
Gold:   40         SH:  0    Dex: 12    Spells: 2/2 levels left

rFire    . . .     SeeInvis .   a - +0 spear
rCold    . . .     Faith    .   (no shield)
rNeg     . . .     Spirit   .   h - +0 scale mail
rPois    .         Reflect  .   (no helmet)
rElec    .         Harm     .   (no cloak)
rCorr    .         Rampage  .   (no gloves)
Will     .....                  (no boots)
Stlth    ..........             (no amulet)
HPRegen  0.14/turn              (no ring)
MPRegen  0.08/turn              (no ring)

@: berserking, very quick
A: talons 1
a: Renounce Religion, Berserk, Trog's Hand


You were on level 2 of the Dungeon.
You worshipped Trog.
Trog was pleased with you.
You visited 1 branch of the dungeon, and saw 2 of its levels.

You collected 40 gold pieces.

Inventory:

Hand Weapons
 a - a +0 spear (weapon)
Armour
 h - a +0 scale mail (worn)
Scrolls
 c - 2 scrolls of vulnerability {unknown}
 f - a scroll of teleportation {unknown}
 g - a scroll of identify {unknown}
Potions
 b - a potion of attraction {unknown}
 d - a potion of degeneration {unknown}
 e - a potion of mutation {unknown}
 i - a potion of flight {unknown}
 j - a potion of curing {unknown}


   Skills:
 - Level 3.0 Fighting
 + Level 4.2 Polearms
 - Level 1.7 Armour
 - Level 1.7 Dodging


You had 2 spell levels left.
You didn't know any spells.
Your spell library was empty.

Dungeon Overview and Level Annotations

Branches:
Dungeon (2/15)

Altars:


Innate Abilities, Weirdness & Mutations

You have sharp toenails.


Message History

The gnoll hits you with a +1 vampiric whip!
The gnoll draws strength from your wounds!
You puncture the gnoll! Your kick misses the gnoll.
The gnoll is severely wounded.
The gnoll hits you from afar with a +0 halberd!
You hit the gnoll.
You kill the gnoll!
Trog accepts your kill.
Your Polearms skill increases to level 4!
You reach to attack!
You barely miss the gnoll.
The gnoll hits you from afar with a +0 halberd.
The gnoll hits you from afar with a +0 halberd.
Things that are here:
a +1 vampiric whip; a gnoll corpse Unknown command.
You are too injured to fight recklessly!
You are too injured to fight recklessly!
Unknown command.
You are too injured to fight recklessly!
You are too injured to fight recklessly!
You are too injured to fight recklessly!
You puncture the gnoll!
You kill the gnoll!
Trog accepts your kill. The gnoll hits you but does no damage.
Unknown command.
The gnoll hits you with a +0 halberd.
* * * LOW HITPOINT WARNING * * *
Things that are here:
a +0 halberd; a gnoll corpse Unknown command.
Unknown command.
You hit the gnoll.
The gnoll is heavily wounded.
You hear a shout!
A goblin comes into view. It is wielding a +0 dagger.
The gnoll hits you with a +0 spear!
* * * LOW HITPOINT WARNING * * *
The gnoll hits you with a +0 halberd.
You die...

..# #g ♣.# #.# #. ♣.# #.# #g
♣.## #.# #g♣ ♣♣..# #.# ..
...# #.# #. #g.# #.# ######
.##.##.####g####.#######....#
.......)...g@).........'....'
...........#####'###.###....#
######.###.........#.# #....#
... #.........#.###....# ###.
##............#....# ..
#.########.#.#....# #. #..
#.#.#....# .. #.# #.#.######
#.... ..


You could see 2 gnolls and a goblin.

Vanquished Creatures
  2 gnolls (D:2)
  3 bats
  5 endoplasms (D:1)
  A giant cockroach (D:2)
  3 hobgoblins (D:1)
  7 kobolds
  A quokka (D:1)
  2 ball pythons (D:1)
  3 frilled lizards (D:1)
  5 rats
32 creatures vanquished.

Notes
Turn   | Place    | Note
-------+----------+-------------------------------------------
     0 | D:1      | rjrrt the Demonspawn Berserker began the quest for the Orb.
     0 | D:1      | Reached XP level 1. HP: 18/18 MP: 1/1
   138 | D:1      | Found a faded altar of an unknown god.
   207 | D:1      | Reached skill level 3 in Polearms
   295 | D:1      | Gained mutation: You have sharp toenails. [demonic
                  | ancestry]
   295 | D:1      | Reached XP level 2. HP: 20/24 MP: 2/2
   503 | D:1      | Reached ** piety under Trog
   861 | D:2      | Reached XP level 3. HP: 29/29 MP: 3/3
   974 | D:2      | Reached skill level 4 in Polearms
   978 | D:2      | Slain by a gnoll

Illustrated notes

Levels and vault maps discovered:
D:1:      shiori_arrival_maze, layout_rooms, chequers_ecumenical_altar_simple
D:2:      layout_basic, nrook_campfire, due_unseen_surprise

Skill      XL: |  1  2  3 |
---------------+----------+-----
Polearms       | 3 4 |  4.2
Fighting       | |  3.0
Armour         | |  1.7
Dodging        | |  1.7

Action                   || total
-------------------------++-------
Melee: Spear             ||    91
       Kick              ||    10
Invok: Berserk           ||     1
Armor: Animal skin       ||     7
       Scale mail        ||     6
Dodge: Dodged            ||    30

Table legend: (Time is in decaauts)
 A = Elapsed time spent in this place.
 B = Non-inter-level travel time spent in this place.
 C = Inter-level travel time spent in this place.
 D = Time resting spent in this place.
 E = Time spent auto-exploring this place.
 F = Levels seen in this place.
 G = Mean time per level.
                   A        B        C        D        E       F      G
               +--------+--------+--------+--------+--------+-----+--------+
         Total |    970 |    957 |     13 |      4 |    719 |   2 |  485.0 |
       Dungeon |    970 |    957 |     13 |      4 |    719 |   2 |  485.0 |
               +--------+--------+--------+--------+--------+-----+--------+

Top non-repeatable levels by time:
     D:1: 838 daAuts
     D:2: 132 daAuts
